 Dungeon Crawl Stone Soup version 0.28-a0-998-gb9e9c7b67e (webtiles) character file.

Game seed: 1820809927300255661

6 demibob the Stinger (level 1, 0/13 HPs)
             Began as a Demonspawn Wanderer on Dec 6, 2021.
             Slain by a giant cockroach (1 damage)
             ... on level 1 of the Dungeon.
             The game lasted 00:00:35 (330 turns).

demibob the Stinger (Demonspawn Wanderer)            Turns: 330, Time: 00:00:35

Health: 0/13       AC:  2    Str: 12    XL:     1   Next: 75%
Magic:  2/4        EV: 11    Int: 12    God:
Gold:   0          SH:  0    Dex: 13    Spells: 5/6 levels left

rFire   . . .      SeeInvis .   a - +0 dagger
rCold   . . .      Faith    .   (no shield)
rNeg    . . .      Spirit   .   b - +0 robe
rPois   .          Reflect  .   (no helmet)
rElec   .          Harm     .   (no cloak)
rCorr   .          Rampage  .   (no gloves)
Will    .....                   (no boots)
Stlth   ++........              (no amulet)
HPRegen 0.04/turn               (no ring)
MPRegen 0.09/turn               (no ring)

@: no status effects
A: no striking features
a: no special abilities


You were on level 1 of the Dungeon.
You visited 1 branch of the dungeon, and saw 1 of its levels.


   Skills:
 + Level 0.7 Short Blades
 - Level 1.7 Stealth
 - Level 3.0 Spellcasting
 - Level 1.0 Hexes
 + Level 4.1 Poison Magic


You had 5 spell levels left.
You knew the following spells:

 Your Spells              Type           Power      Damage    Failure   Level
z - Sting                 Tmut/Pois      24%        1d4       11%         1

Your spell library contained the following spells:

 Spells                   Type           Power      Damage    Failure   Level
 Poisonous Vapours        Pois/Air       12%        N/A       16%         2
 Spider Form              Tmut/Pois      6%         N/A       30%         3
 Mephitic Cloud           Conj/Pois/Air  5%         N/A       38%         3
 Olgreb's Toxic Radiance  Pois           11%        N/A       41%         4

Inventory:

Hand Weapons
 a - a +0 dagger (weapon)
Armour
 b - a +0 robe (worn)

Dungeon Overview and Level Annotations

Branches:
Dungeon (1/15)

Altars:

#.# #># #.# ###.#
#.... #.#.# #+# #.#B#
#.# #.#@# #.# #...#
##.###########..##
#..รท##.......#..###.#
.............#......#
.#..#..####..##.#####
###.#..##.......#
####...:..#..####
##..#..####..#


You could see a giant cockroach.


Message History

The goblin misses you.
You hit the goblin but do no damage.
The goblin is heavily wounded.
The goblin hits you but does no damage.
You hit the goblin.
The goblin is severely wounded.
The goblin hits you but does no damage.
You hit the goblin.
The goblin is almost dead.
The goblin barely misses you.
You hit the goblin but do no damage.
The goblin is almost dead.
The goblin hits you with a +0 club.
* * * LOW HITPOINT WARNING * * *
You are too injured to fight recklessly!
Aiming: Sting (safe; 11% risk of failure)
Press: ? - help, Q - select action Shift-Dir - straight line, f - goblin
Aim: a goblin, wielding a +0 club (almost dead, 60% to hit)
The sting misses the goblin.
The sting misses the giant cockroach.
The goblin hits you with a +0 club.
* * * LOW HITPOINT WARNING * * *
Aiming: Sting (safe; 11% risk of failure)
Press: ? - help, Q - select action Shift-Dir - straight line, f/p - goblin
Aim: a goblin, wielding a +0 club (almost dead, 60% to hit)
The sting hits the goblin.
The goblin is poisoned.
You kill the goblin!
Unknown command.
You completely miss the giant cockroach.
The giant cockroach bites you.
You die...

Action                   || total
-------------------------++-------
Melee: Dagger            ||    23
 Cast: Sting             ||     2
 Stab: Sleeping          ||     1
Armor: Robe              ||     4
Dodge: Dodged            ||     9

Levels and vault maps discovered:
D:1:      dpeg_arrival_simpleton_b, layout_loops_corners,
          hellmonk_ecumenical_altar_prayer_group, minmay_octomino_c4

Notes
Turn   | Place    | Note
-------+----------+-------------------------------------------
     0 | D:1      | demibob the Demonspawn Wanderer began the quest for the
                  | Orb.
     0 | D:1      | demibob set off with the following items: a +0 dagger, a +0
                  | robe; and the following spells available to memorise:
                  | Sting, Poisonous Vapours, Spider Form, Mephitic Cloud,
                  | Olgreb's Toxic Radiance
     0 | D:1      | Reached XP level 1. HP: 13/13 MP: 4/4
     2 | D:1      | Learned a level 1 spell: Sting
   268 | D:1      | Found a faded altar of an unknown god.
   328 | D:1      | HP: 1/13 [goblin (3)]
   330 | D:1      | Slain by a giant cockroach

Vanquished Creatures
  An endoplasm (D:1)
  A goblin (D:1)
  A hobgoblin (D:1)
  A kobold (D:1)
  A rat (D:1)
5 creatures vanquished.

Table legend: (Time is in decaauts)
 A = Elapsed time spent in this place.
 B = Non-inter-level travel time spent in this place.
 C = Inter-level travel time spent in this place.
 D = Time resting spent in this place.
 E = Time spent auto-exploring this place.
 F = Levels seen in this place.
 G = Mean time per level.
                   A        B        C        D        E       F      G
               +--------+--------+--------+--------+--------+-----+--------+
         Total |    329 |    329 |      0 |    216 |     71 |   1 |  329.0 |
       Dungeon |    329 |    329 |      0 |    216 |     71 |   1 |  329.0 |
               +--------+--------+--------+--------+--------+-----+--------+

Top non-repeatable levels by time:
     D:1: 329 daAuts

Table legend:
 A = Non-vault XP
 B = Vault XP
 C = Vault XP percentage of total XP
 D = Non-vault monster count
 E = Vault monster count
 F = Vault count percentage of total count
                 A         B        C        D         E       F
            +---------+---------+-------+---------+---------+-------
      Total |       5 |       4 |  44.4 |       3 |       2 |  40.0
            +---------+---------+-------+---------+---------+-------
        D:1 |       5 |       4 |  44.4 |       3 |       2 |  40.0
            +---------+---------+-------+---------+---------+-------
